[ AOE2 MATCH · #483597734 ]
Team RMBengalis vs Cumans
[ REPLAY ANALYSIS · EXTRACTED FROM THE RECORDED GAME ]
Feudal
—
Castle
—
Imperial
—
| APM avg | 39.2 |
| APM peak | 57 |
| eAPM avg | 17.1 |
| Villagers / military | 15 / 0 |
Focus
⚔️ 15.7% · 🌾 84.3%
Feudal
—
Castle
—
Imperial
—
| APM avg | 58.0 |
| APM peak | 93 |
| eAPM avg | 18.4 |
| Villagers / military | 14 / 2 |
Focus
⚔️ 11.9% · 🌾 88.1%
Militia ×2
Feudal
—
Castle
—
Imperial
—
| APM avg | 24.1 |
| APM peak | 37 |
| eAPM avg | 8.2 |
| Villagers / military | 15 / 0 |
Focus
⚔️ 3.2% · 🌾 96.8%
Feudal
—
Castle
—
Imperial
—
| APM avg | 29.7 |
| APM peak | 40 |
| eAPM avg | 11.7 |
| Villagers / military | 10 / 0 |
Focus
⚔️ 24.4% · 🌾 75.6%
Feudal
—
Castle
—
Imperial
—
| APM avg | 53.7 |
| APM peak | 89 |
| eAPM avg | 18.4 |
| Villagers / military | 12 / 2 |
Focus
⚔️ 22.4% · 🌾 77.6%
Militia ×2
Feudal
—
Castle
—
Imperial
—
| APM avg | 14.1 |
| APM peak | 30 |
| eAPM avg | 6.7 |
| Villagers / military | 12 / 0 |
Focus
⚔️ 16.0% · 🌾 84.0%
Feudal
—
Castle
—
Imperial
—
| APM avg | 27.9 |
| APM peak | 36 |
| eAPM avg | 7.2 |
| Villagers / military | 14 / 0 |
Focus
⚔️ 0.0% · 🌾 100.0%
Feudal
—
Castle
—
Imperial
—
| APM avg | 49.2 |
| APM peak | 80 |
| eAPM avg | 15.2 |
| Villagers / military | 14 / 0 |
Focus
⚔️ 2.3% · 🌾 97.7%
Match map
Initial resources + every placement click. Lines = walls · curves = elevation contours. ◆ gold · ⬟ stone · ● berries · ✦ relic · ◌ wall gap
Your base
Maple's base
Speechless's base
KoropT's base
Ethan's base
iann254's base
just a hamster's base
sunshine5821's base
Smoothed initial terrain · ◌ = detected wall gap · hover for details
Inputs per minute
— TisButAScratch - - Maple
Build order — TisButAScratch
24 actions detected in the replay
| 0:01 | Create | Villager (Male) |
| 0:02 | Create | Villager (Male) |
| 0:04 | Build | House |
| 0:05 | Build | House |
| 0:30 | Create | Villager (Male) |
| 0:30 | Create | Villager (Male) |
| 0:30 | Create | Villager (Male) |
| 0:39 | Research | Loom |
| 0:42 | Create | Villager (Male) |
| 0:43 | Create | Villager (Male) |
| 1:33 | Create | Villager (Male) |
| 1:33 | Create | Villager (Male) |
| 1:59 | Create | Villager (Male) |
| 2:36 | Build | House |
| 2:39 | Build | Palisade Wall |
| 2:41 | Create | Villager (Male) |
| 2:42 | Create | Villager (Male) |
| 3:02 | Build | House |
| 3:03 | Build | Palisade Wall |
| 3:06 | Create | Villager (Male) |
| 3:27 | Build | House |
| 3:28 | Build | Palisade Wall |
| 3:56 | Create | Villager (Male) |
| 4:34 | Create | Villager (Male) |
Build order — Maple
19 actions detected in the replay
| 0:02 | Build | Barracks |
| 0:04 | Build | House |
| 0:07 | Create | Villager (Male) |
| 0:10 | Research | Loom |
| 0:11 | Create | Villager (Male) |
| 0:46 | Create | Militia |
| 0:46 | Create | Militia |
| 1:49 | Create | Villager (Male) |
| 1:49 | Create | Villager (Male) |
| 2:39 | Create | Villager (Male) |
| 2:39 | Create | Villager (Male) |
| 3:10 | Create | Villager (Male) |
| 3:10 | Create | Villager (Male) |
| 3:45 | Create | Villager (Male) |
| 4:41 | Create | Villager (Male) |
| 4:59 | Create | Villager (Male) |
| 4:59 | Create | Villager (Male) |
| 5:22 | Create | Villager (Male) |
| 5:22 | Create | Villager (Male) |
Build order — Speechless
17 actions detected in the replay
| 0:01 | Create | Villager (Male) |
| 0:02 | Create | Villager (Male) |
| 0:02 | Create | Villager (Male) |
| 0:02 | Create | Villager (Male) |
| 1:20 | Create | Villager (Male) |
| 1:35 | Build | Lumber Camp |
| 1:56 | Create | Villager (Male) |
| 1:57 | Create | Villager (Male) |
| 2:15 | Create | Villager (Male) |
| 2:16 | Create | Villager (Male) |
| 2:18 | Research | Loom |
| 2:25 | Create | Villager (Male) |
| 2:59 | Create | Villager (Male) |
| 3:03 | Create | Villager (Male) |
| 3:36 | Create | Villager (Male) |
| 4:05 | Create | Villager (Male) |
| 4:49 | Create | Villager (Male) |
Build order — KoropT
17 actions detected in the replay
| 0:02 | Create | Villager (Male) |
| 0:02 | Create | Villager (Male) |
| 0:03 | Build | House |
| 0:05 | Build | House |
| 0:15 | Research | Loom |
| 0:15 | Research | Loom |
| 0:16 | Create | Villager (Male) |
| 0:16 | Create | Villager (Male) |
| 0:16 | Create | Villager (Male) |
| 1:39 | Build | House |
| 1:42 | Build | Palisade Wall |
| 2:10 | Create | Villager (Male) |
| 2:33 | Create | Villager (Male) |
| 3:15 | Create | Villager (Male) |
| 3:21 | Build | Palisade Wall |
| 3:46 | Create | Villager (Male) |
| 3:46 | Create | Villager (Male) |
Build order — Ethan
17 actions detected in the replay
| 0:01 | Create | Villager (Male) |
| 0:02 | Build | Barracks |
| 0:04 | Build | House |
| 0:05 | Research | Loom |
| 0:05 | Create | Villager (Male) |
| 0:06 | Create | Villager (Male) |
| 0:42 | Create | Militia |
| 0:43 | Create | Militia |
| 1:56 | Create | Villager (Male) |
| 1:56 | Create | Villager (Male) |
| 2:40 | Create | Villager (Male) |
| 3:33 | Create | Villager (Male) |
| 4:05 | Create | Villager (Male) |
| 4:05 | Create | Villager (Male) |
| 4:39 | Create | Villager (Male) |
| 5:07 | Create | Villager (Male) |
| 5:07 | Create | Villager (Male) |
Build order — iann254
15 actions detected in the replay
| 0:01 | Create | Villager (Male) |
| 0:05 | Build | House |
| 0:09 | Build | House |
| 0:17 | Create | Villager (Male) ×4 |
| 1:23 | Create | Villager (Male) |
| 1:46 | Build | Lumber Camp |
| 1:49 | Create | Villager (Male) |
| 2:32 | Create | Villager (Male) |
| 2:53 | Build | House |
| 3:28 | Research | Loom |
| 3:29 | Create | Villager (Male) ×2 |
| 3:37 | Build | Palisade Wall |
| 3:43 | Build | Palisade Wall |
| 3:53 | Create | Villager (Male) |
| 4:28 | Create | Villager (Male) |
Build order — just a hamster
19 actions detected in the replay
| 0:00 | Create | Villager (Male) |
| 0:01 | Create | Villager (Male) |
| 0:01 | Create | Villager (Male) |
| 0:01 | Create | Villager (Male) |
| 0:03 | Build | House |
| 0:04 | Build | House |
| 1:25 | Create | Villager (Male) |
| 1:58 | Create | Villager (Male) |
| 2:22 | Create | Villager (Male) |
| 2:41 | Create | Villager (Male) |
| 3:06 | Create | Villager (Male) |
| 3:38 | Create | Villager (Male) |
| 3:41 | Build | House |
| 3:42 | Build | House |
| 4:09 | Create | Villager (Male) |
| 4:10 | Create | Villager (Male) |
| 4:24 | Build | Lumber Camp |
| 4:28 | Create | Villager (Male) |
| 5:11 | Create | Villager (Male) |
Build order — sunshine5821
18 actions detected in the replay
| 0:03 | Create | Villager (Male) |
| 0:03 | Create | Villager (Male) |
| 0:04 | Create | Villager (Male) |
| 0:04 | Create | Villager (Male) |
| 0:05 | Build | House |
| 0:06 | Build | House |
| 1:27 | Create | Villager (Male) |
| 2:16 | Create | Villager (Male) |
| 2:16 | Create | Villager (Male) |
| 2:19 | Build | Lumber Camp |
| 2:34 | Create | Villager (Male) |
| 2:58 | Create | Villager (Male) |
| 3:14 | Create | Villager (Male) |
| 3:34 | Build | House |
| 3:53 | Create | Villager (Male) |
| 4:33 | Create | Villager (Male) |
| 4:33 | Create | Villager (Male) |
| 4:48 | Create | Villager (Male) |
Match timeline
| 0:02 | Ethan · first_building Barracks |
| 0:02 | Maple · first_building Barracks |
| 1:42 | KoropT · wall_segment Palisade Wall x1 |
| 2:39 | TisButAScratch · wall_segment Palisade Wall x4 |
| 3:03 | TisButAScratch · wall_segment Palisade Wall x9 |
| 3:21 | KoropT · wall_segment Palisade Wall x6 |
| 3:28 | TisButAScratch · wall_segment Palisade Wall x1 |
| 3:37 | iann254 · wall_segment Palisade Wall x3 |
| 3:43 | iann254 · wall_segment Palisade Wall x6 |
| 4:16 | KoropT · resign |
[ AI ANALYSIS · 1 CREDIT ]
What really happened in this match?
Wolo.gg analyzes every decision: build order, eco, micro, common mistakes by bracket. Personalized analysis on WhatsApp or Discord in 30 seconds.
Civ guide
Bengalis
Map guide
Black Forest
Perfil
Jugador #10771092